 Dungeon Crawl Stone Soup version 0.19-a0-1492-gce1cc90 (webtiles) character file.

188140 MackTheKnife the Fencer (level 17, -6/127 HPs)
             Began as a High Elf Skald on Sept 9, 2016.
             Was a High Priest of Ashenzari.
             Killed from afar by a deep elf annihilator (34 damage)
             ... with a bolt of lightning
             ... on level 3 of the Elven Halls.
             The game lasted 02:15:49 (38144 turns).

MackTheKnife the Fencer (High Elf Skald)           Turns: 38144, Time: 02:15:50

Health: -6/127     AC: 23    Str: 15      XL:     17   Next: 90%
Magic:  25/33      EV: 29    Int: 20 (21) God:    Ashenzari [*****.]
Gold:   380        SH:  8    Dex: 27      Spells: 8 memorised, 12 levels left

rFire  + . .     SeeInvis +     a - +3 triple sword (chaos) (curse)
rCold  . . .     Gourm    .     Z - +5 mottled dragon armour (curse) {rSticky}
rNeg   . . .     Faith    .     (shield currently unavailable)
rPois  +         Spirit   .     (helmet restricted)
rElec  .         Dismiss  .     w - +1 cloak (curse)
rCorr  .         Reflect  +     E - +0 pair of gloves of the Morning {*Corrode rPois rF+ Int+4} (curse)
MR     ++...     Harm     .     g - +1 pair of boots "Poerph Gaux" {rPois MR+ Dex+7 Stlth-} (curse)
Stlth  +......... Clarity  +    O - brooch of Shielding {Reflect SH+8} (curse)
                                f - +4 ring of protection (curse)
                                q - +1 ring of protection (curse)

@: lethally poisoned (-6 -> -6), death channel, regenerating (expiring)
A: horns 2, strong 1, sturdy frame 1
a: Curse Item, Scrying, Transfer Knowledge, Renounce Religion


You were on level 3 of the Elven Halls.
You worshipped Ashenzari.
Ashenzari was extremely pleased with you.
You were very hungry.

You visited 7 branches of the dungeon, and saw 34 of its levels.
You also visited: Labyrinth, Ice Cave and Wizlab.

You collected 3188 gold pieces.
You spent 2808 gold pieces at shops.

Inventory:

Hand Weapons
 a - a cursed +3 triple sword of chaos (weapon)
   (You acquired it on level 13 of the Dungeon)
Missiles
 z - 3 throwing nets {=f, !d}
Armour
 g - the cursed +1 pair of boots "Poerph Gaux" (worn) {rPois MR+ Dex+7 Stlth-}
   (You found it on level 4 of the Spider Nest)

   It affects your dexterity (+7).
   It protects you from poison.
   It affects your resistance to hostile enchantments.
   It makes you less stealthy.
   It has a curse placed upon it.
 v - a +2 helmet
   (You took it off Robin on level 2 of the Dungeon)
 w - a cursed +1 cloak (worn)
   (You took it off Crazy Yiuf on level 5 of the Dungeon)
 E - the cursed +0 pair of gloves of the Morning (worn) {*Corrode rPois rF+ Int+4}
   (You found it on level 3 of the Spider Nest)

   It affects your intelligence (+4).
   It protects you from fire.
   It protects you from poison.
   It may corrode you when you take damage.
   It has a curse placed upon it.
 Z - a cursed +5 mottled dragon armour (worn) {rSticky}
   (You found it on level 14 of the Dungeon)
Jewellery
 f - a cursed +4 ring of protection (right hand)
   (You found it on level 1 of the Dungeon)
 q - a cursed +1 ring of protection (left hand)
   (You found it on level 1 of the Dungeon)
 K - an uncursed ring of protection from fire {rF+, !d}
   (You found it on level 1 of the Lair of Beasts)
 O - the cursed brooch of Shielding (around neck) {Reflect SH+8}
   (You found it in a labyrinth)

   [amulet of reflection]

   It shields you and reflects attacks.
   It affects your SH (+8).
   It has a curse placed upon it.
Wands
 e - a wand of heal wounds (0/9)
   (You took it off Pikel on level 5 of the Dungeon)
 h - a wand of hasting (2/9)
   (You found it on level 2 of the Spider Nest)
 o - a wand of teleportation (2/9)
   (You bought it in a shop on level 2 of the Elven Halls)
 t - a wand of digging (2/24)
   (You found it on level 4 of the Lair of Beasts)
 x - a wand of digging (1/24)
   (You took it off Crazy Yiuf on level 5 of the Dungeon)
 y - a wand of lightning (4/15)
   (You found it on level 15 of the Dungeon)
 C - a wand of acid (4/15)
   (You found it on level 5 of the Lair of Beasts)
 F - a wand of iceblast (3/15)
   (You found it on level 9 of the Dungeon)
 H - a wand of enslavement (10/24)
   (You found it on level 4 of the Lair of Beasts)
 U - a wand of disintegration (10/24)
   (You found it on level 12 of the Dungeon)
 X - a wand of iceblast (0/15)
   (You found it on level 13 of the Dungeon)
Scrolls
 c - a scroll of holy word {!r}
 m - 2 scrolls of teleportation
 s - 10 scrolls of amnesia
 Q - a scroll of remove curse
 W - 3 scrolls of immolation {!r}
Potions
 b - 11 potions of curing
 j - 6 potions of flight
 k - 5 potions of brilliance
 l - a potion of cancellation
 n - 3 potions of ambrosia
 p - 2 potions of invisibility
 r - 6 potions of haste
 u - 4 potions of lignification {!q}
 A - a potion of experience {unknown}
 B - a potion of magic
 D - 2 potions of agility
 G - a potion of berserk rage {!q}
 L - 7 potions of heal wounds
 M - 7 potions of might
Miscellaneous
 P - a phantom mirror
 S - a fan of gales
   (You found it on level 2 of the Spider Nest)
 Y - a phial of floods
   (You found it on level 13 of the Dungeon)
Comestibles
 d - 18 bread rations {@e1}
 i - 13 meat rations {@e2}
 J - 14 fruits


   Skills:
 - Level 15.5 Fighting
 - Level 19.4(23.6) Long Blades
 - Level 6.7 Armour
 - Level 14.1(16.4) Dodging
   Level 4.2 Shields
 - Level 11.0 Spellcasting
 - Level 2.8(6.2) Hexes
 - Level 5.5(9.5) Charms
 - Level 4.2(8.0) Summonings
 + Level 8.7(12.6) Necromancy
 - Level 2.9(6.3) Air Magic
 - Level 8.2(12.2) Evocations


You had 12 spell levels left.
You knew the following spells:

 Your Spells              Type           Power        Failure   Level  Hunger
a - Shroud of Golubria    Chrm/Tloc      ####......   1%          2    None
b - Summon Lightning Spi  Summ/Air       #####...     4%          4    ##.....
c - Death Channel         Necr           ######....   10%         6    ######.
d - Repel Missiles        Chrm/Air       #####.       1%          2    None
f - Animate Dead          Necr           N/A          1%          4    ##.....
r - Regeneration          Chrm/Necr      ######....   1%          3    None
s - Swiftness             Chrm/Air       #####...     1%          2    None
z - Spectral Weapon       Hex/Chrm       #####...     1%          3    None


Dungeon Overview and Level Annotations

Branches:
Dungeon (15/15)            Temple (1/1) D:5            Lair (6/6) D:11
 Shoals (3/4) Lair:2       Spider (4/4) Lair:4          Orc (2/2) D:12
    Elf (3/3) Orc:2        Vaults (0/5) D:13         Depths (0/5) D:15
  Slime: Lair:5-6

Altars:
Ashenzari
Cheibriados
Dithmenos
Elyvilon
Fedhas
Gozag
Hepliaklqana
Kikubaaqudgha
Makhleb
Nemelex Xobeh
Okawaru
Qazlal
Ru
Sif Muna
Trog
Uskayaw
Vehumet
Xom
Yredelemnul
Zin
The Shining One
Lugonu

Shops:
D:12 %   D:13 (**[   D:15 [%:(   Orc:2 :[*(   Elf:1 ([(([   Elf:2 }==   Elf:3 =
Shoals:2 %

Annotations:
D:8 exclusion: downstairs
D:10 exclusion: sensed monster (detected)
Lair:2 exclusion: downstairs
Lair:5 exclusion: upstairs, Rupert
Orc:2 exclusion: upstairs
Elf:2 exclusion: downstairs


Innate Abilities, Weirdness & Mutations

You have a pair of horns on your head.
Your muscles are strong. (Str +2)
Your movements are slightly less encumbered by armour. (ER -2)


Message History

Unknown command.
You slice the deep elf blademaster!!
Dim flames ripple over the deep elf blademaster's body.
You headbutt the deep elf blademaster.
Your spectral weapon hits the deep elf blademaster!!
You block the deep elf blademaster's attack.
The deep elf blademaster closely misses you.
Your deep elf archer zombie completely misses the deep elf blademaster.
Your deep elf knight zombie hits the deep elf annihilator with a +0 long sword.
The deep elf demonologist casts a spell.
The deep elf annihilator hits your deep elf knight zombie with a short sword.
You slice the deep elf blademaster!!
The deep elf blademaster flickers and vanishes for a moment.
Your headbutt misses the deep elf blademaster.
You block the deep elf blademaster's attack.
The deep elf blademaster misses you.
Your spectral deep elf knight barely misses the deep elf annihilator.
The deep elf blademaster hits you with a rapier.
Your shroud falls apart!
The deep elf blademaster hits you but does no damage.
You take 5 damage, and have 93/127 hp.
You barely miss the deep elf blademaster.
Your headbutt misses the deep elf blademaster.
You feel sick.
The deep elf annihilator hits your spectral deep elf knight with a short sword!
Your deep elf knight zombie misses the deep elf annihilator.
The deep elf blademaster completely misses you.
You riposte.
You slice the deep elf blademaster!! You burn the deep elf blademaster.
You kill the deep elf blademaster!
Your spectral deep elf knight hits the deep elf annihilator.
You regained 2 hp, and now have 95/127 hp.
You feel sick.
Your spectral deep elf knight closely misses the deep elf annihilator.
The deep elf annihilator hits your spectral deep elf knight with a short sword.
Your spectral deep elf knight hits the deep elf annihilator.
You regained 2 hp, and now have 99/127 hp.
Malign forces permeate your being, awaiting release.
You are starving!
The deep elf annihilator casts a spell at you.
The bolt of lightning hits your spectral deep elf knight.
The bolt of lightning hits your deep elf archer zombie.
Your deep elf archer zombie is destroyed!
The bolt of lightning hits you!
Something hits your spectral deep elf knight but does no damage.
Your spectral deep elf knight hits the deep elf annihilator.
You take 16 damage, and have 83/127 hp.
You now have 24/33 mp.
You start eating one of the 15 fruits.
You feel sick.
The deep elf annihilator gestures at you while chanting.
The poison arrow hits your spectral deep elf knight.
Your spectral deep elf knight partially resists.
Something closely misses your spectral deep elf knight.
Your spectral deep elf knight barely misses the deep elf annihilator.
You are feeling very hungry.
Mmmm...
Yummy apricot.
Unknown command.
The deep elf annihilator hits your spectral deep elf knight with a short sword!
Something closely misses your spectral deep elf knight.
Your spectral deep elf knight hits the deep elf annihilator.
You regained 2 hp, and now have 85/127 hp.
The deep elf annihilator misses your spectral deep elf knight.
Something hits your spectral deep elf knight.
Your spectral deep elf knight hits the deep elf annihilator.
Things that are here:
a +0 short sword; a cursed -2 leather armour Unknown command.
You swap places.
A deep elf sorcerer comes into view. It is wielding a dagger.
The deep elf annihilator points at you and mumbles some strange words.
The iron shot misses you.
The iron shot hits your spectral weapon.
Your spectral weapon shares its damage with you!
Your spectral weapon fades away.
You block the hell rat's attack.
You hear a shout!
Items here: ))) [ † a +0 rapier; a +1 rapier of venom; a +0 leather armour; a +0 long sword an elf corpse You take 11 damage, and have 75/127 hp.
Unknown command.
You hit the deep elf annihilator. You headbutt the deep elf annihilator.
Your skin is crawling a little less now.
You block the deep elf annihilator's attack.
The deep elf mage mumbles some strange words.
The deep elf mage blinks!
The hell rat completely misses you.
You slice the deep elf annihilator!! You drain the deep elf annihilator!
You headbutt the deep elf annihilator.
You feel sick.
The deep elf demonologist gestures wildly while chanting.
The deep elf sorcerer casts a spell at you.
You resist with almost no effort.
The deep elf annihilator points at you and mumbles some strange words.
The crystal spear hits you!
* * * LOW HITPOINT WARNING * * *
You take 50 damage, and have 26/127 hp.
MASSIVE DAMAGE!!
Your spectral deep elf knight hits the hell rat but does no damage.
The deep elf annihilator points at you and mumbles some strange words.
The bolt of lightning hits the hell rat.
The bolt of lightning hits you!
You die...

,,,* ###..##..#.#.###)'##
##..##.#..(####.#Z## , ,
###...(...+#####.##.## ,*
####.........####.###.###
* ####.........####.#
##'.## *
####.).......####.# ##...#
** * ####.........####.#
#.<... ,
####..e......####.# ##...#
* * ####....Z@.'#####.#
##'.## ,**
*########r###.####.###.###
, ,
........ee###.###'##'## *
* #########2e###'.....##
*,, *
####$:(=##4r###.....## , *
####./$$[##s##.......# ,
####+##=):#e##.......#
####..##$[#.##.......# * ,
**#......#%$#{###.....##


You could see a deep elf annihilator, a deep elf mage, a hell rat and a friendly
spectral deep elf knight.

Vanquished Creatures
  A deep elf blademaster (Elf:3)
  A frost giant (IceCv)
  A ghost moth (Spider:1)
  Aizul (Shoals:2)
  A deep elf sorcerer (Elf:2)
  5 emperor scorpions
  2 entropy weavers
  3 spark wasps
  A deep elf death mage (Elf:1)
  A fire dragon (D:15)
  A minotaur (Lab)
  Fannar (Lair:2)
  A vault guard (D:13)
  An ice dragon (D:15)
  5 hydras
  5 centaur warriors
  A merfolk avatar (Shoals:2)
  A ghost crab (shapeshifter) (D:14)
  2 satyrs (Shoals:3)
  A catoblepas (D:13)
  An ogre mage (D:15)
  A queen ant (Lair:6)
  3 merfolk aquamancers (Shoals:2)
  10 dancing weapons
  6 orc high priests
  2 death yaks (Lair:6)
  2 tengu warriors
  10 deep elf knights
  2 sea snakes (Shoals:1)
  2 unseen horrors
  5 deep elf archers
  An orc knight (Orc:2)
  12 hill giants
  7 orb spiders
  Pikel (D:5)
  4 griffons
  An orb spider (shapeshifter) (D:15)
  5 cyclopes
  4 ugly things
  29 deep elf magi
  13 fauns
  3 harpies (D:13)
  23 wolf spiders
  5 orc sorcerers
  3 hornets
  A moth of wrath (Spider:2)
  4 manticores
  4 black mambas
  4 sirens
  Joseph (D:8)
  2 ice statues (IceCv)
  2 water nymphs
  2 gargoyles
  5 torpor snails
  An eye of devastation (Spider:4)
  8 spiny frogs
  A freezing wraith (D:14)
  4 kobold demonologists (D:14)
  7 yaktaurs
  3 rime drakes
  9 demonic crawlers
  4 komodo dragons
  A redback zombie (D:15)
  3 meliai (Lair:4)
  11 trolls
  A wind drake (Shoals:1)
  2 two-headed ogres (D:15)
  5 merfolk
  19 polar bears
  33 jumping spiders
  Prince Ribbit (D:5)
  4 snapping turtles
  11 blink frogs
  A boulder beetle (Spider:2)
  5 slime creatures (D:14)
  2 air elementals
  4 dream sheep (Shoals:1)
  76 redbacks
  25 tarantellas
  5 water elementals
  3 shadows
  19 spriggans
  3 wyverns
  A yak (shapeshifter) (D:14)
  A vampire (D:14)
  2 fire elementals
  A wraith (D:12)
  3 basilisks (D:13)
  46 yaks
  9 hippogriffs
  2 hungry ghosts
  10 vampire mosquitoes
  3 wargs (Orc:2)
  A mottled dragon (D:14)
  10 water moccasins
  12 soldier ants
  7 porcupines
  24 orc warriors
  4 black bears
  6 sky beasts
  8 ice beasts
  3 slaves (D:5)
  A necrophage (D:6)
  4 phantoms
  3 wasps
  2 eyes of draining
  20 ogres
  27 wolves
  The ghost of vogonpoet the Firebug, an amateur DgFE (D:3)
  3 boggarts (Lair:6)
  12 centaurs
  12 crocodiles
  20 giant frogs
  5 big kobolds
  3 earth elementals
  2 wyvern zombies
  A water moccasin zombie (D:6)
  31 scorpions
  A wyvern skeleton (D:14)
  2 water moccasin skeletons
  58 killer bees
  22 wights
  6 howler monkeys
  A centaur zombie (D:11)
  6 crimson imps
  A quasit (D:14)
  8 jellies
  Crazy Yiuf (D:5)
  A giant frog skeleton (D:12)
  10 orc priests
  12 hounds
  22 orc wizards
  8 iguanas
  3 iron imps (D:6)
  Ijyb (D:2)
  A hell rat (D:5)
  28 worker ants
  A hound skeleton (D:4)
  2 howler monkey zombies (D:4)
  3 worker ant zombies (D:4)
  Robin (D:2)
  11 gnolls
  9 adders
  45 river rats
  A shadow imp (D:13)
  12 white imps (D:15)
  An adder zombie (D:4)
  3 adder skeletons
  5 worms
  3 dart slugs
  7 giant geckos
  94 orcs
  3 ball pythons
  5 bats
  6 giant cockroaches
  11 goblins
  11 hobgoblins
  17 jackals
  28 kobolds
  6 quokkas
  2 giant cockroach zombies (D:4)
  A giant gecko skeleton (D:4)
  A giant gecko zombie (D:4)
  8 giant newts
  2 jackal zombies (D:4)
  2 quokka skeletons (D:4)
  A quokka zombie (D:4)
  29 rats
  A fungus (D:5)
  A plant (Lair:4)
1312 creatures vanquished.

Vanquished Creatures (collateral kills)
  An entropy weaver (Spider:2)
  2 orb spiders (Spider:2)
  A wolf spider (Spider:4)
  A faun (Shoals:3)
  2 moths of wrath (Spider:3)
  A water nymph (Shoals:3)
  2 jumping spiders
  A slime creature (Shoals:2)
  A jumping spider zombie (Spider:4)
  3 redbacks (Spider:3)
  An iguana (Lair:2)
16 creatures vanquished.

Vanquished Creatures (others)
  A deep elf knight (Orc:2)
  A deep elf archer (Elf:1)
  A wolf spider (Spider:1)
  A slave (D:5)
  A centaur (D:13)
  An orc wizard (D:15)
  An orc (D:5)
  43 fungi
  55 plants
  59 spectral weapons
164 creatures vanquished.

Grand Total: 1492 creatures vanquished

Notes
Turn   | Place    | Note
-------+----------+-------------------------------------------
     0 | D:1      | MackTheKnife the High Elf Skald began the quest for the Orb.
     0 | D:1      | Reached XP level 1. HP: 14/14 MP: 4/4
    80 | D:1      | Reached skill level 3 in Long Blades
   221 | D:1      | Reached XP level 2. HP: 14/19 MP: 6/6
   608 | D:2      | Noticed Ijyb
   618 | D:2      | Killed Ijyb
   618 | D:2      | Reached skill level 4 in Long Blades
   618 | D:2      | Reached XP level 3. HP: 24/24 MP: 0/7
   632 | D:2      | Learned a level 3 spell: Spectral Weapon
   974 | D:2      | Reached skill level 5 in Long Blades
  1232 | D:2      | Found a stormy altar of Qazlal.
  1237 | D:2      | Found a snail-covered altar of Cheibriados.
  1293 | D:2      | Reached XP level 4. HP: 29/29 MP: 8/8
  1298 | D:2      | Learned a level 3 spell: Regeneration
  1548 | D:2      | Noticed Robin
  1989 | D:2      | Killed Robin
  1989 | D:2      | Reached skill level 4 in Charms
  2645 | D:3      | Noticed vogonpoet's ghost (amateur DgFE)
  2728 | D:3      | Reached XP level 5. HP: 27/34 MP: 10/10
  2872 | D:3      | Reached skill level 3 in Spellcasting
  3142 | D:3      | Reached skill level 5 in Charms
  3376 | D:4      | Noticed a phantom
  3430 | D:2      | Found a glowing silver altar of Zin.
  3430 | D:2      | Found a glowing golden altar of the Shining One.
  3436 | D:2      | Reached skill level 1 in Necromancy
  3442 | D:2      | Found a white marble altar of Elyvilon.
  3520 | D:3      | Gained mutation: Your movements are slightly less encumbered by armour. (ER -2) [potion of beneficial mutation]
  3601 | D:3      | Killed vogonpoet's ghost
  3601 | D:3      | Reached XP level 6. HP: 18/39 MP: 2/11
  3837 | D:3      | Reached skill level 1 in Hexes
  4315 | D:4      | Reached skill level 2 in Hexes
  4817 | D:4      | Reached skill level 2 in Dodging
  4817 | D:4      | Reached XP level 7. HP: 28/45 MP: 12/12
  5091 | D:4      | Reached skill level 3 in Fighting
  5393 | D:4      | Reached skill level 6 in Long Blades
  5408 | D:5      | Entered Level 5 of the Dungeon
  5504 | D:5      | Reached skill level 3 in Dodging
  5580 | D:5      | Learned a level 2 spell: Shroud of Golubria
  5585 | D:5      | Noticed Pikel
  5619 | D:5      | Killed Pikel
  5619 | D:5      | Reached skill level 4 in Fighting
  5619 | D:5      | Reached skill level 7 in Long Blades
  5619 | D:5      | Reached skill level 4 in Dodging
  5619 | D:5      | Reached XP level 8. HP: 54/54 MP: 13/13
  5694 | D:5      | Found an opulent altar of Gozag.
  5698 | D:5      | Found a basalt altar of Yredelemnul.
  5892 | D:5      | Noticed Prince Ribbit
  5912 | D:5      | Killed Prince Ribbit
  5912 | D:5      | Reached skill level 5 in Fighting
  5912 | D:5      | Reached skill level 5 in Dodging
  6017 | D:5      | Found a staircase to the Ecumenical Temple.
  6025 | Temple   | Entered the Ecumenical Temple
  6053 | Temple   | Became a worshipper of Ashenzari the Shackled
  6187 | D:5      | HP: 14/56 [hell rat (8)]
  6192 | D:5      | HP: 13/56 [hell rat (1)]
  6431 | D:5      | Reached skill level 8 in Long Blades
  6715 | D:5      | Identified the cursed +1 short sword of Recklessness {vamp, rF+}
  6741 | D:5      | Found a runed door.
  6745 | D:5      | Noticed Crazy Yiuf
  6756 | D:5      | Killed Crazy Yiuf
  6808 | D:6      | Found a shadowy altar of Dithmenos.
  6827 | D:6      | Reached skill level 9 in Long Blades
  6827 | D:6      | Reached XP level 9. HP: 58/61 MP: 9/14
  6845 | D:6      | Found a radiant altar of Vehumet.
  6846 | D:6      | Found an iron altar of Okawaru.
  7230 | D:6      | Reached skill level 10 in Long Blades
  7609 | D:6      | Found a burning altar of Makhleb.
  7944 | D:7      | Reached skill level 11 in Long Blades
  8031 | D:7      | Reached * piety under Ashenzari
  8296 | D:7      | Reached skill level 12 in Long Blades
  8323 | D:7      | Found a deep blue altar of Sif Muna.
  8521 | D:8      | Noticed Joseph
  8540 | D:8      | Killed Joseph
  8609 | D:8      | Reached skill level 13 in Long Blades
  8609 | D:8      | Reached XP level 10. HP: 29/66 MP: 11/15
 10260 | D:9      | Reached skill level 14 in Long Blades
 10328 | D:9      | Found an ancient bone altar of Kikubaaqudgha.
 10444 | D:9      | Reached skill level 6 in Fighting
 10444 | D:9      | Reached skill level 6 in Dodging
 10967 | D:9      | Reached skill level 7 in Dodging
 11002 | D:10     | Entered Level 10 of the Dungeon
 11002 | D:10     | Noticed a hill giant
 11120 | D:10     | Killed a hill giant
 11120 | D:10     | Reached skill level 7 in Fighting
 11617 | D:10     | Reached skill level 8 in Dodging
 11638 | D:10     | Reached XP level 11. HP: 76/76 MP: 8/16
 11656 | D:10     | Reached ** piety under Ashenzari
 11977 | D:11     | Found a labyrinth entrance.
 12002 | Lab      | Entered a labyrinth
 12127 | Lab      | Reached skill level 8 in Fighting
 12144 | Lab      | Noticed Promi's ghost (journeyman DrCj)
 12183 | Lab      | Noticed a minotaur
 12193 | Lab      | Killed a minotaur
 12198 | Lab      | Identified the cursed +1 dagger of the Asp {pierce, rPois MP+9}
 12395 | D:11     | Reached skill level 1 in Shields
 12417 | D:11     | Found a blossoming altar of Fedhas.
 12478 | D:11     | Reached skill level 2 in Shields
 12497 | D:11     | Reached skill level 3 in Shields
 12525 | D:11     | Reached skill level 4 in Shields
 12666 | D:11     | Found a staircase to the Lair.
 12744 | D:11     | Noticed a centaur warrior
 12760 | D:11     | Killed a centaur warrior
 12760 | D:11     | Reached skill level 5 in Shields
 13225 | D:11     | Noticed a hill giant
 13236 | D:11     | Noticed a hill giant
 13239 | D:11     | Killed a hill giant
 13239 | D:11     | Reached skill level 6 in Shields
 13653 | D:11     | Reached skill level 7 in Shields
 13714 | Lair:1   | Entered Level 1 of the Lair of Beasts
 13765 | Lair:1   | Reached skill level 1 in Evocations
 13771 | Lair:1   | HP: 19/78 [poisoned by a spiny frog]
 13776 | Lair:1   | HP: 16/78 [poisoned by a spiny frog]
 13781 | D:11     | HP: 17/78 [poisoned by a spiny frog]
 13786 | D:11     | HP: 18/78 [poisoned by a spiny frog]
 14093 | Lair:1   | Reached skill level 2 in Evocations
 14224 | Lair:1   | Reached skill level 3 in Evocations
 14276 | Lair:1   | Reached *** piety under Ashenzari
 14286 | Lair:1   | Learned a level 2 spell: Repel Missiles
 14290 | Lair:1   | Learned a level 2 spell: Swiftness
 14322 | Lair:1   | Reached skill level 1 in Air Magic
 14335 | Lair:1   | Reached skill level 4 in Evocations
 14335 | Lair:1   | Reached XP level 12. HP: 72/84 MP: 12/17
 14503 | Lair:1   | Noticed an eight-headed hydra
 14523 | Lair:1   | Killed a 15-headed hydra
 14523 | Lair:1   | Reached skill level 2 in Air Magic
 15075 | Lair:1   | Reached skill level 5 in Evocations
 15176 | Lair:2   | Noticed Fannar
 15305 | Lair:2   | Noticed an eight-headed hydra
 15323 | Lair:2   | Killed a 14-headed hydra
 15323 | Lair:2   | Reached skill level 6 in Evocations
 15419 | Lair:2   | Reached skill level 7 in Evocations
 15760 | Lair:2   | Found a staircase to the Shoals.
 16050 | Lair:2   | Reached skill level 8 in Evocations
 16133 | Lair:2   | Killed Fannar
 16133 | Lair:2   | Reached skill level 9 in Dodging
 16187 | Lair:2   | Reached **** piety under Ashenzari
 16328 | Lair:2   | Reached skill level 9 in Fighting
 16672 | Lair:3   | Noticed a four-headed hydra
 16677 | Lair:3   | Noticed a seven-headed hydra
 16689 | Lair:2   | Killed a four-headed hydra
 16866 | Lair:3   | Reached skill level 10 in Dodging
 16906 | Lair:3   | Found a bloodstained altar of Trog.
 17414 | Lair:4   | Noticed a seven-headed hydra
 17437 | Lair:4   | Reached skill level 10 in Fighting
 17601 | Lair:4   | Noticed a four-headed hydra
 17634 | Lair:4   | Killed a 16-headed hydra
 17634 | Lair:4   | Reached XP level 13. HP: 92/92 MP: 20/20
 17898 | Lair:4   | Reached skill level 11 in Dodging
 17903 | Lair:4   | Found a hole to the Spider Nest.
 18770 | Lair:4   | Reached skill level 11 in Fighting
 19136 | Lair:5   | Noticed Rupert
 19371 | Lair:6   | Entered Level 6 of the Lair of Beasts
 19401 | Lair:6   | Reached ***** piety under Ashenzari
 19441 | Lair:6   | Reached skill level 12 in Dodging
 19850 | Lair:6   | Identified the Disquisition on Flight and Battle Magic
 19873 | Lair:6   | Got the uncursed scale mail of Zaheurex {Str+3}
 19875 | Lair:6   | Identified the +5 scale mail of Zaheurex {Str+3} (You found it on level 6 of the Lair of Beasts)
 20077 | Lair:6   | Reached skill level 12 in Fighting
 20570 | Lair:6   | Reached skill level 13 in Dodging
 20776 | Lair:6   | Noticed an entropy weaver
 20824 | Lair:6   | Noticed an entropy weaver
 21132 | D:11     | Reached XP level 14. HP: 104/104 MP: 18/21
 21331 | D:12     | Found Moaraz's Food Shoppe.
 21398 | D:12     | Found a staircase to the Orcish Mines.
 22233 | Orc:1    | Entered Level 1 of the Orcish Mines
 22411 | Orc:1    | Found a shimmering altar of Xom.
 22608 | Orc:2    | Entered Level 2 of the Orcish Mines
 22655 | Orc:2    | Found Coekav's Book Shoppe.
 22705 | Orc:1    | Reached skill level 4 in Spellcasting
 22963 | Orc:2    | Found a staircase to the Elven Halls.
 22984 | Orc:2    | Reached skill level 5 in Spellcasting
 23084 | Orc:2    | Reached skill level 6 in Spellcasting
 23109 | Orc:2    | Noticed an orc warlord
 23734 | Orc:2    | Found Witigeut's Antique Armour Shoppe.
 23763 | Orc:2    | Reached skill level 7 in Spellcasting
 23861 | Orc:2    | Paralysed by an orc sorcerer for 6 turns
 23865 | Orc:2    | HP: 24/104 [orc sorcerer/bolt of negative energy (33)]
 24181 | Orc:2    | Found Bihikk's General Store.
 24219 | Orc:2    | Reached skill level 8 in Spellcasting
 24325 | Orc:2    | Found Kien's Antique Weapon Shop.
 24333 | Orc:2    | Bought a crude falchion for 200 gold pieces
 24333 | Orc:2    | Identified the +7 falchion of Linearity {venom, +Blink +Inv rElec MR+} (You bought it in a shop on level 2 of the Orcish Mines)
 24534 | D:13     | Reached skill level 9 in Spellcasting
 24576 | D:13     | Found Ekhotim's General Store.
 24629 | D:13     | Bought a potion of heal wounds for 50 gold pieces
 24655 | D:13     | Found Wereff's Weapon Boutique.
 24868 | D:13     | Reached skill level 10 in Spellcasting
 24957 | D:13     | Found a gate to the Vaults.
 25022 | D:13     | Reached skill level 11 in Spellcasting
 25068 | D:13     | Found Cucam's Assorted Antiques.
 25075 | D:13     | Bought a scroll of remove curse for 90 gold pieces
 25075 | D:13     | Bought a scroll labeled FUAG YMPUTYTZE for 30 gold pieces
 25075 | D:13     | Bought a scroll of identify for 60 gold pieces
 25079 | D:13     | Bought a scroll of enchant weapon for 225 gold pieces
 25102 | D:13     | Found Taf Goo's Antique Armour Emporium.
 25110 | D:13     | Bought a warped ring mail for 270 gold pieces
 25121 | D:13     | Identified the +1 ring mail of Fuommoow {Dex+2} (You bought it in a shop on level 13 of the Dungeon)
 25847 | D:14     | Reached XP level 15. HP: 96/109 MP: 31/31
 26068 | D:14     | Reached skill level 15 in Long Blades
 26520 | D:15     | Entered Level 15 of the Dungeon
 26560 | D:15     | Found a frozen archway.
 26619 | D:15     | Found a sparkling altar of Nemelex Xobeh.
 26626 | IceCv    | Entered an ice cave
 26872 | IceCv    | Gained mutation: You have a pair of small horns on your head. [potion of beneficial mutation]
 26960 | IceCv    | Reached skill level 16 in Long Blades
 27395 | IceCv    | Noticed a frost giant
 27424 | IceCv    | Killed a frost giant
 27541 | IceCv    | Got the cursed glaive of the Shoals {chop, rElec}
 27680 | D:15     | Learned a level 4 spell: Summon Lightning Spire
 27707 | D:15     | Reached skill level 1 in Summonings
 27754 | D:15     | Reached skill level 2 in Summonings
 28070 | D:15     | Identified the +5 ring mail of the Harvest Moon {+Inv rCorr Str+4 Dex-2}
 28072 | D:15     | Found Voshrott's Book Shop.
 28094 | D:15     | Reached skill level 3 in Summonings
 28143 | D:15     | Reached skill level 4 in Summonings
 28189 | D:15     | Found Vularoff's Armour Boutique.
 28227 | D:15     | Found a staircase to the Depths.
 28308 | D:15     | Found Taoffuv's Antique Weapon Shop.
 28397 | D:15     | Learned a level 4 spell: Animate Dead
 28442 | D:15     | Found Ymithral's Food Boutique.
 28691 | D:13     | Bought a scroll of brand weapon for 200 gold pieces
 28691 | D:13     | Bought a scroll of enchant armour for 75 gold pieces
 28737 | D:13     | Bought a potion of beneficial mutation for 1050 gold pieces
 28737 | D:13     | Gained mutation: Your muscles are strong. (Str +2) [potion of beneficial mutation]
 28820 | D:11     | Reached skill level 17 in Long Blades
 29151 | Spider:1 | Entered Level 1 of the Spider Nest
 29270 | Spider:1 | Reached ****** piety under Ashenzari
 29723 | Spider:1 | Reached skill level 18 in Long Blades
 29852 | Spider:1 | Reached XP level 16. HP: 97/116 MP: 32/32
 30631 | Spider:2 | Reached skill level 19 in Long Blades
 30695 | Spider:2 | HP: 29/116 [emperor scorpion (13)]
 30700 | Spider:2 | HP: 20/116 [poisoned by a redback]
 30705 | Spider:1 | HP: 22/116 [poisoned by a redback]
 30710 | Spider:1 | HP: 20/116 [poisoned by a redback]
 30717 | Spider:1 | HP: 19/116 [poisoned by a redback]
 30724 | Spider:1 | HP: 19/116 [poisoned by a redback]
 30732 | Spider:1 | HP: 20/116 [poisoned by a redback]
 31290 | Spider:1 | HP: 19/116 [emperor scorpion (18)]
 31298 | Spider:1 | HP: 25/116 [jumping spider (10)]
 31877 | Spider:2 | HP: 22/116 [entropy weaver (20)]
 31878 | Spider:2 | HP: 8/116 [entropy weaver (3)]
 31890 | Spider:2 | HP: 6/116 [redback (6)]
 32304 | Spider:3 | Reached skill level 13 in Fighting
 32358 | Spider:3 | Reached skill level 14 in Dodging
 32394 | Spider:3 | Reached skill level 2 in Necromancy
 32400 | Spider:3 | Got the uncursed pair of gloves of the Morning {*Corrode rPois rF+ Int+4}
 32411 | Spider:3 | Identified the +0 pair of gloves of the Morning {*Corrode rPois rF+ Int+4} (You found it on level 3 of the Spider Nest)
 32655 | Spider:3 | Reached skill level 3 in Necromancy
 32771 | Spider:3 | Reached skill level 4 in Necromancy
 32794 | Spider:4 | Entered Level 4 of the Spider Nest
 32843 | Spider:4 | HP: 29/117 [wolf spider (10)]
 33094 | Spider:4 | Identified the +6 plate armour of Supple Strength {rN+}
 33095 | Spider:4 | Got the uncursed pair of boots "Poerph Gaux" {rPois MR+ Dex+7 Stlth-}
 33105 | Spider:4 | Identified the +1 pair of boots "Poerph Gaux" {rPois MR+ Dex+7 Stlth-} (You found it on level 4 of the Spider Nest)
 33108 | Spider:4 | Reached skill level 1 in Armour
 33123 | Spider:4 | Reached skill level 2 in Armour
 33242 | Spider:4 | Reached skill level 3 in Armour
 33569 | Spider:4 | Reached skill level 4 in Armour
 33679 | Spider:4 | Reached skill level 5 in Armour
 33882 | Spider:4 | Identified the +7 great sword "Jeraipp" {slice, rC+ rN+ Stlth-}
 34134 | Shoals:1 | Entered Level 1 of the Shoals
 34183 | Shoals:1 | Reached skill level 6 in Armour
 34305 | Shoals:1 | Reached XP level 17. HP: 118/122 MP: 33/33
 34352 | Shoals:1 | Learned a level 6 spell: Death Channel
 34453 | Shoals:2 | Noticed Aizul
 34463 | Shoals:2 | Killed Aizul
 34470 | Shoals:2 | Reached skill level 5 in Necromancy
 34615 | Shoals:2 | Found Cenataor's Food Boutique.
 34709 | Shoals:2 | HP: 27/123 [water nymph/the raging water (12)]
 34711 | Shoals:2 | HP: 5/123 [water nymph/the raging water (13)]
 35176 | Shoals:3 | Reached skill level 6 in Necromancy
 35507 | Elf:1    | Entered Level 1 of the Elven Halls
 35665 | Elf:1    | Found Waleppok's Armour Shop.
 35689 | Elf:1    | Found Iheluat's Antique Weapon Boutique.
 35690 | Elf:1    | Found Hiodynk's Antique Armour Shop.
 35754 | Elf:1    | Reached skill level 14 in Fighting
 35805 | Elf:1    | Found Vustronti's Antique Weapon Shop.
 35819 | Elf:1    | Reached skill level 7 in Necromancy
 35833 | Elf:1    | Found Plog's Antique Weapon Boutique.
 35865 | Elf:1    | Bought a slimy scale mail for 270 gold pieces
 35865 | Elf:1    | Identified the +5 scale mail "Dawoggod" {+Fly rN+} (You bought it in a shop on level 1 of the Elven Halls)
 36344 | Elf:1    | HP: 28/126 [war axe of electrocution (4)]
 36351 | Elf:1    | HP: 25/126 [something (1)]
 36816 | Elf:2    | Found a magical portal.
 36831 | WizLab   | Entered Wucad Mu's Monastery
 37071 | WizLab   | Gained mutation: You have a pair of horns on your head. [potion of beneficial mutation]
 37153 | Elf:2    | Reduced skill Shields to level 6
 37238 | Elf:2    | Found Faxaf's Jewellery Boutique.
 37258 | Elf:2    | Found Hyejas's Gadget Emporium.
 37259 | Elf:2    | Found Orawut's Jewellery Boutique.
 37271 | Elf:2    | Bought a wand of teleportation (2/9) for 288 gold pieces
 37505 | Elf:2    | Reduced skill Shields to level 5
 37505 | Elf:2    | Reached skill level 15 in Fighting
 37707 | Elf:2    | Reduced skill Shields to level 4
 37707 | Elf:2    | Reached skill level 8 in Necromancy
 37805 | Elf:3    | Entered Level 3 of the Elven Halls
 37921 | Elf:3    | Found Hos Mugg's Jewellery Shop.
 38097 | Elf:3    | Noticed a deep elf blademaster
 38097 | Elf:3    | Noticed a deep elf master archer
 38131 | Elf:3    | Killed a deep elf blademaster
 38143 | Elf:3    | HP: 26/127 [deep elf annihilator/crystal spear (50)]
 38144 | Elf:3    | Killed from afar by a deep elf annihilator

Vault maps used:
D:1:      eino_arrival_water_star, minmay_tetromino_t4
D:2:      nicolae_overflow_hidden_temple, uniq_iyjb, uniq_robin
D:3:      first_bread, serial_bayou_lake_a
D:4:      serial_undead, serial_undead_b, serial_undead_e, serial_undead_a,
          serial_undead_b, serial_undead_f, serial_undead_d
D:5:      lemuel_ratsnest, minitemple, uniq_pikel, uniq_crazy_yiuf_cottage,
          uniq_prince_ribbit1
D:6:      gammafunk_temple_overflow_forgotten, demons_altar
D:7:      led_sif_pool, hangedman_decor_push, grunt_ogre_cave
D:8:      minmay_bloctagon_deflated, uniq_joseph
D:9:      kiku_gazebo_pond_becter
D:10:     nicolae_whirlpool, uniq_harold
D:11:     lair_0_dummy, lab_entry_generic, dk_noncrumbling_2, fedhas_altar_3
D:12:     orc_0_dummy, serial_shops, shop_fountains
D:13:     david_vaults_5, serial_aquarium, aquarium_bridge_straight,
          aquarium_bridge_long_joined, aquarium_window_1, aquarium_window_fake,
          aquarium_window_1, aquarium_window_fake, aquarium_view_2f,
          aquarium_balcony_1b, serial_shops, shop, kennysheep_mini_moat,
          nicolae_shop_behind_doors, shop, hangedman_decor_opposing,
          nicolae_wand_duel, st_stairs_9, argonaut_gorgonesque
D:14:     hangedman_decor_points
D:15:     grunt_enter_depths_hoard, nemelex_xobeh_ov_fountains_minmay,
          serial_shops, shop, shop, shop, shop, portal_ice_cave_entry_imps
Temple:   corrupted_temple
Lair:1:   columned_hall_lemuel
Lair:2:   shoals_dummy_entry, uniq_fannar
Lair:3:   basic_altar
Lair:4:   wad_woods_minihive, nicolae_spider_entry_tight_spaces,
          grunt_megastairs_2, serial_bayou_shore_b
Lair:5:   lemuel_fruit_tree, uniq_rupert
Lair:6:   minmay_lair_end_enchanted_forest, minmay_slime_entry_eyes,
          serial_forest, infiniplex_forest_end_2,
          infiniplex_forest_lined_room_3, infiniplex_forest_end_1,
          infiniplex_forest_lined_corner, infiniplex_forest_diagonal,
          infiniplex_forest_clump_long, zaba_antful_of_joy
Shoals:1: nicolae_shoals_square_sea_wall, yaktaur_hedge
Shoals:2: serial_shops, nicolae_shop_trees, nicolae_shoals_water_shrine,
          uniq_aizul
Spider:1: spiders_nest_a, hangedman_spider_mandibles
Spider:2: nicolae_spider_cling_halls
Spider:4: floodkiller_spider_rune_tomb, nicolae_spider_circle_web,
          nicolae_spider_stair_cavern
Orc:1:    basic_altar, serial_shops
Orc:2:    grunt_orc_gardens, grunt_orc_garden, grunt_orc_garden,
          grunt_orc_garden, grunt_orc_garden, lightli_orcish_oven
Elf:1:    eino_elf_arrival_shootout, serial_shops, shop, minivault_28,
          minmay_shoptagon
Elf:2:    mu_enter_wizlab_6, minivault_11, minmay_shop_grove
Elf:3:    grunt_elf_hall_branching, serial_shops, nicolae_shop_trees,
          serial_sigils_hangedman_writhe
Lab:      nicolae_lab_very_dead_end, nicolae_lab_hexagon, lab_statue,
          labyrinth_glass_1, nicolae_lab_swirl, lab_hedge, nicolae_lab_dead_end
IceCv:    ice_cave_small_giant
WizLab:   wizlab_wucad

Skill      XL: |  1  2  3  4  5  6  7  8  9 10 11 12 13 14 15 16 17 |
---------------+----------------------------------------------------+-----
Long Blades    | 3 4 5 7 9 13 14 18 19 | 19.4
Charms         | 4 5 |  5.5
Spellcasting   | 3 11 | 11.0
Necromancy     | 1 4 8 |  8.7
Hexes          | 2 |  2.8
Dodging        | 2 4 5 8 10 13 14 | 14.1
Fighting       | 4 5 7 8 10 12 13 15 | 15.5
Shields        | 7 4 |  4.2
Evocations     | 4 8 |  8.2
Air Magic      | 1 2 |  2.9
Summonings     | 4 |  4.2
Armour         | 6 |  6.7

Action                   |  1- 3 |  4- 6 |  7- 9 | 10-12 | 13-15 | 16-18 || total
-------------------------+-------+-------+-------+-------+-------+-------++-------
Melee: Falchion          |   140 |   311 |   540 |  1181 |  2506 |       ||  4678
       Triple sword      |       |       |       |       |   210 |  1046 ||  1256
       Headbutt          |       |       |       |       |   168 |   303 ||   471
Throw: Stone             |       |    20 |     5 |       |       |       ||    25
 Cast: Infusion          |     1 |       |       |       |       |       ||     1
       Spectral Weapon   |       |    11 |    35 |    76 |   108 |    67 ||   297
       Regeneration      |       |     1 |     4 |    25 |    30 |    46 ||   106
       Shroud of Golubri |       |       |       |    14 |    20 |     9 ||    43
       Repel Missiles    |       |       |       |     2 |     2 |     1 ||     5
       Swiftness         |       |       |       |       |     2 |       ||     2
       Animate Dead      |       |       |       |       |       |    28 ||    28
       Summon Lightning  |       |       |       |       |       |     5 ||     5
       Death Channel     |       |       |       |       |       |     3 ||     3
Invok: Curse Item        |       |       |     1 |     2 |     3 |     3 ||     9
       Scrying           |       |       |       |       |     7 |    12 ||    19
       Transfer Knowledg |       |       |       |       |       |     1 ||     1
Evoke: Wand              |       |       |     2 |    29 |    10 |    17 ||    58
       Sack of spiders   |       |       |       |     1 |       |     1 ||     2
  Use: Scroll            |       |    13 |     4 |    19 |    27 |    15 ||    78
       Potion            |       |     1 |       |       |     3 |     5 ||     9
 Stab: Sleeping          |     2 |     1 |     1 |       |     3 |       ||     7
       Distracted        |       |       |     7 |    17 |    28 |    13 ||    65
       Paralysed         |       |       |       |    34 |       |     5 ||    39
       Confused          |       |       |       |       |     1 |     4 ||     5
       Petrified         |       |       |       |       |       |     8 ||     8
       Petrifying        |       |       |       |       |       |     9 ||     9
  Eat: Chunk             |     1 |    12 |    13 |    28 |    24 |     4 ||    82
       Beef jerky        |       |     1 |       |     4 |     6 |       ||    11
       Bread ration      |       |       |     1 |       |     2 |     3 ||     6
       Pizza             |       |       |       |     3 |     4 |     2 ||     9
       Royal jelly       |       |       |       |     1 |       |       ||     1
       Meat ration       |       |       |       |       |     1 |     2 ||     3
       Fruit             |       |       |       |       |       |     1 ||     1
Armor: Leather armour    |    44 |    90 |   115 |   121 |    66 |       ||   436
       Scale mail        |       |       |       |       |   172 |       ||   172
       Mottled dragon ar |       |       |       |       |   125 |   210 ||   335
Dodge: Dodged            |    61 |   109 |   227 |   354 |   993 |   728 ||  2472
       Deflected         |       |       |       |     1 |    21 |    18 ||    40
Block: Buckler           |       |       |       |   204 |  1342 |       ||  1546
       Other             |       |       |       |    33 |    45 |   292 ||   370
       Reflection        |       |       |       |     7 |    54 |    24 ||    85

Vault maps used:
D:1:      eino_arrival_water_star, minmay_tetromino_t4
D:2:      nicolae_overflow_hidden_temple, uniq_iyjb, uniq_robin
D:3:      first_bread, serial_bayou_lake_a
D:4:      serial_undead, serial_undead_b, serial_undead_e, serial_undead_a,
          serial_undead_b, serial_undead_f, serial_undead_d
D:5:      lemuel_ratsnest, minitemple, uniq_pikel, uniq_crazy_yiuf_cottage,
          uniq_prince_ribbit1
D:6:      gammafunk_temple_overflow_forgotten, demons_altar
D:7:      led_sif_pool, hangedman_decor_push, grunt_ogre_cave
D:8:      minmay_bloctagon_deflated, uniq_joseph
D:9:      kiku_gazebo_pond_becter
D:10:     nicolae_whirlpool, uniq_harold
D:11:     lair_0_dummy, lab_entry_generic, dk_noncrumbling_2, fedhas_altar_3
D:12:     orc_0_dummy, serial_shops, shop_fountains
D:13:     david_vaults_5, serial_aquarium, aquarium_bridge_straight,
          aquarium_bridge_long_joined, aquarium_window_1, aquarium_window_fake,
          aquarium_window_1, aquarium_window_fake, aquarium_view_2f,
          aquarium_balcony_1b, serial_shops, shop, kennysheep_mini_moat,
          nicolae_shop_behind_doors, shop, hangedman_decor_opposing,
          nicolae_wand_duel, st_stairs_9, argonaut_gorgonesque
D:14:     hangedman_decor_points
D:15:     grunt_enter_depths_hoard, nemelex_xobeh_ov_fountains_minmay,
          serial_shops, shop, shop, shop, shop, portal_ice_cave_entry_imps
Temple:   corrupted_temple
Lair:1:   columned_hall_lemuel
Lair:2:   shoals_dummy_entry, uniq_fannar
Lair:3:   basic_altar
Lair:4:   wad_woods_minihive, nicolae_spider_entry_tight_spaces,
          grunt_megastairs_2, serial_bayou_shore_b
Lair:5:   lemuel_fruit_tree, uniq_rupert
Lair:6:   minmay_lair_end_enchanted_forest, minmay_slime_entry_eyes,
          serial_forest, infiniplex_forest_end_2,
          infiniplex_forest_lined_room_3, infiniplex_forest_end_1,
          infiniplex_forest_lined_corner, infiniplex_forest_diagonal,
          infiniplex_forest_clump_long, zaba_antful_of_joy
Shoals:1: nicolae_shoals_square_sea_wall, yaktaur_hedge
Shoals:2: serial_shops, nicolae_shop_trees, nicolae_shoals_water_shrine,
          uniq_aizul
Spider:1: spiders_nest_a, hangedman_spider_mandibles
Spider:2: nicolae_spider_cling_halls
Spider:4: floodkiller_spider_rune_tomb, nicolae_spider_circle_web,
          nicolae_spider_stair_cavern
Orc:1:    basic_altar, serial_shops
Orc:2:    grunt_orc_gardens, grunt_orc_garden, grunt_orc_garden,
          grunt_orc_garden, grunt_orc_garden, lightli_orcish_oven
Elf:1:    eino_elf_arrival_shootout, serial_shops, shop, minivault_28,
          minmay_shoptagon
Elf:2:    mu_enter_wizlab_6, minivault_11, minmay_shop_grove
Elf:3:    grunt_elf_hall_branching, serial_shops, nicolae_shop_trees,
          serial_sigils_hangedman_writhe
Lab:      nicolae_lab_very_dead_end, nicolae_lab_hexagon, lab_statue,
          labyrinth_glass_1, nicolae_lab_swirl, lab_hedge, nicolae_lab_dead_end
IceCv:    ice_cave_small_giant
WizLab:   wizlab_wucad

Table legend:
 A = Turns spent in this place as a percentage of turns spent in the entire game.
 B = Non-inter-level travel turns spent in this place as a percentage of non-inter-level travel turns spent in the entire game.
 C = Inter-level travel turns spent in this place as a percentage of turns spent in this place.
 D = Turns resting spent in this place as a percentage of non-inter-level travel turns spent in this place.
 E = Turns spent auto-exploring this place as a percentage of non-inter-level travel turns spent in this place.
 F = Non-inter-level travel turns spent in this place divided by the number of levels of this place that you've seen.
                   A       B       C       D       E      F
               +-------+-------+-------+-------+-------+----------------------
         Total | 100.0 | 100.0 |   0.5 |   1.9 |   3.3 | 486.5
       Dungeon |  40.3 |  40.2 |   0.6 |   1.6 |   5.2 | 482.9
        Temple |   0.2 |   0.2 |   2.6 |   0.0 |   0.0 |  38.0
          Lair |  22.0 |  22.0 |   0.6 |   1.6 |   2.4 | 658.7
        Shoals |   5.2 |   5.2 |   0.6 |   3.5 |   0.1 | 314.0
   Spider Nest |  12.7 |  12.8 |   0.3 |   3.5 |   1.8 | 574.2
  Orcish Mines |   5.8 |   5.8 |   0.5 |   1.3 |   3.7 | 522.0
   Elven Halls |   8.2 |   8.3 |   0.3 |   0.9 |   2.2 | 495.3
     Labyrinth |   1.3 |   1.3 |   0.0 |   3.4 |   0.0 | 232.0
      Ice Cave |   2.4 |   2.4 |   0.0 |   2.3 |   0.9 | 439.0
        Wizlab |   1.8 |   1.8 |   0.0 |   0.0 |   0.0 | 329.0
               +-------+-------+-------+-------+-------+----------------------

Table legend:
 A = Kills in this place as a percentage of kills in entire the game.
 B = Kills by you in this place as a percentage of kills by you in the entire game.
 C = Kills by friends in this place as a percentage of kills by friends in the entire game.
 D = Other kills in this place as a percentage of other kills in the entire game.
 E = Experience gained in this place as a percentage of experience gained in the entire game.
 F = Experience gained in this place divided by the number of levels of this place that you have seen.
                   A       B       C       D       E      F
               +-------+-------+-------+-------+-------+----------------------
         Total | 100.0 | 100.0 | 100.0 | 100.0 | 100.0 | 7644.6
       Dungeon |  43.6 |  44.1 |   0.0 |  40.0 |  22.5 | 4246.6
          Lair |  20.5 |  20.7 |   6.2 |   0.0 |  16.3 | 7697.2
        Shoals |   4.1 |   4.0 |  18.8 |   0.0 |   9.5 | 8919.0
   Spider Nest |  17.0 |  16.3 |  75.0 |  20.0 |  26.5 | 18726.2
  Orcish Mines |   6.2 |   6.2 |   0.0 |  20.0 |   5.1 | 7266.5
   Elven Halls |   5.6 |   5.7 |   0.0 |  20.0 |  16.0 | 15108.0
     Labyrinth |   0.2 |   0.2 |   0.0 |   0.0 |   0.5 | 1500.0
      Ice Cave |   2.7 |   2.8 |   0.0 |   0.0 |   3.5 | 9949.0
               +-------+-------+-------+-------+-------+----------------------
